 Dungeon Crawl Stone Soup version 0.30-b1-2-g02819fbbbe (webtiles) character file.

Game seed: 9816632616158186888

362509 Armakuni the Fighter (level 20, -2/173 (176) HPs)
             Began as a Demigod Reaver on May 14, 2023.
             Slain by a +0 glaive of protection (15 damage)
             ... animated by Zenata
             ... on level 4 of the Vaults on May 16, 2023.
             The game lasted 04:33:51 (59401 turns).

Armakuni the Fighter (Demigod Reaver)              Turns: 59401, Time: 04:33:51

HP:   -2/173 (176)  AC: 28    Str: 24    XL:     20   Next: 64%
MP:   36/40         EV: 21    Int: 33    God:
Gold: 1275          SH:  0    Dex: 16    Spells: 1/40 levels left

rFire   . . .        a - +8 quarterstaff of Evil {spect, Str+3}
rCold   + + +        (shield currently unavailable)
rNeg    . . .        u - quicksilver dragon scales
rPois   .            L - +3 crown of Dyrovepreva {rElec Int+2 SInv}
rElec   +            P - +2 cloak
rCorr   .            U - +2 pair of gloves
SInv    +            s - +0 pair of boots
Will    ++++.        W - amulet of Noufruep {Acrobat rC++ Will+}
Stlth   +            J - ring of the Tick {rC+ EV+5 Str+2 Dex+4}
HPRegen 0.48/turn    A - +4 ring of protection
MPRegen 0.27/turn

%: acrobat
@: mighty, wereblooded, lightly drained
A: high MP 1, forlorn, divine attributes, see invisible, cold resistance 1, weak
1
}: 2/15 runes: serpentine, barnacled
a: no special abilities


You were on level 4 of the Vaults.
You visited 7 branches of the dungeon, and saw 37 of its levels.
You visited the Abyss 1 time.

You collected 4042 gold pieces.
You spent 2767 gold pieces at shops.

Inventory:

Hand Weapons
 a - the +8 quarterstaff of Evil (weapon) {spect, Str+3}
   (You bought it in a shop on level 2 of the Orcish Mines)

   Str:       It affects your strength (+3).
 b - the +3 whip of Miph {venom, rPois rF+ Int+3}
   (You took it off a naga mage on level 3 of the Snake Pit)

   Int:       It affects your intelligence (+3).
   rF:        It protects you from fire.
   rPois:     It protects you from poison.
Armour
 s - a +0 pair of boots (worn)
 u - quicksilver dragon scales (worn)
 L - the +3 crown of Dyrovepreva (worn) {rElec Int+2 SInv}
   (You found it on level 5 of the Lair of Beasts)

   Int:       It affects your intelligence (+2).
   rElec:     It insulates you from electricity.
   SInv:      It lets you see invisible.
 P - a +2 cloak (worn)
 U - a +2 pair of gloves (worn)
Magical Staves
 Z - a staff of conjuration
Jewellery
 A - a +4 ring of protection (right hand)
 J - the ring of the Tick (left hand) {rC+ EV+5 Str+2 Dex+4}
   (You bought it in a shop on level 4 of the Dungeon)

   [ring of evasion]

   EV:        It affects your evasion (+5).
   Str:       It affects your strength (+2).
   Dex:       It affects your dexterity (+4).
   rC:        It protects you from cold.
 W - the amulet of Noufruep (around neck) {Acrobat rC++ Will+}
   (You took it off a deep elf zephyrmancer on level 3 of the Elven Halls)

   [amulet of the acrobat]

   It increases your evasion while moving and waiting.
   rC:        It greatly protects you from cold.
   Will:      It increases your willpower.
Wands
 h - a wand of acid (32)
 j - a wand of iceblast (7)
 v - a wand of flame (50)
 F - a wand of mindburst (16)
 I - a wand of polymorph (28)
 O - a wand of digging (8)
 T - a wand of paralysis (35)
Scrolls
 e - 4 scrolls of silence
 f - 8 scrolls of immolation
 g - 4 scrolls of vulnerability
 i - 6 scrolls of poison
 k - 3 scrolls of noise
 o - 8 scrolls of teleportation
 r - 2 scrolls of amnesia
 w - 18 scrolls of identify
 D - 4 scrolls of magic mapping
 E - 3 scrolls of fog
 K - 3 scrolls of butterflies
 Q - 5 scrolls of enchant armour
 S - 5 scrolls of enchant weapon
 V - 3 scrolls of fear
 X - 2 scrolls of brand weapon
Potions
 d - 10 potions of curing
 m - 5 potions of flight
 t - a potion of heal wounds
 x - 5 potions of haste
 y - 2 potions of berserk rage
 z - a potion of mutation
 B - 6 potions of lignification
 C - 8 potions of brilliance
 M - 2 potions of cancellation
 N - 3 potions of might
 R - 3 potions of magic
Miscellaneous
 c - a condenser vane
 l - a lightning rod (4/4)
 p - a phantom mirror


   Skills:
 - Level 14.6 Fighting
 - Level 3.1(9.5) Maces & Flails
 - Level 13.8(14.0) Staves
 - Level 10.0 Armour
 - Level 10.0 Dodging
 - Level 10.9 Spellcasting
 - Level 13.9 Conjurations
 - Level 5.0 Hexes
 - Level 6.0 Summonings
 + Level 9.4 Necromancy
 - Level 5.0 Translocations
 - Level 10.0 Transmutations
 - Level 12.0 Ice Magic
 - Level 5.0 Air Magic
 - Level 10.0 Earth Magic
 - Level 10.0 Evocations


You had one spell level left.
You knew the following spells:

 Your Spells              Type           Power      Damage    Failure   Level
a - Animate Armour        Summ/Erth      100%       N/A       1%          4
c - Lehudib's Crystal Sp  Conj/Erth      38%        10d10     87%         8
e - Metabolic Englaciati  Hex/Ice        32%        N/A       3%          5
h - Hailstorm             Conj/Ice       80%        3d16      1%          3
j - Freezing Cloud        Conj/Ice/Air   36%        6-21      1%          5
l - Lesser Beckoning      Tloc           100%       N/A       1%          2
o - Ozocubu's Armour      Ice            77%        N/A       1%          3
s - Sublimation of Blood  Necr           69%        N/A       1%          2
w - Wereblood             Tmut           71%        N/A       1%          2
z - Apportation           Tloc           100%       N/A       1%          1
L - Summon Lightning Spi  Summ/Air       53%        N/A       3%          4

Your spell library contained the following spells:

 Spells                   Type           Power      Damage    Failure   Level
 Foxfire                  Conj/Fire      100%       2x1d9     1%          1
 Kiss of Death            Conj/Necr      100%       2d13      1%          1
 Sandblast                Erth           100%       2d20      1%          1
 Summon Small Mammal      Summ           100%       N/A       1%          1
 Ensorcelled Hibernation  Hex/Ice        100%       N/A       1%          2
 Momentum Strike          Conj/Tloc      100%       3d10      1%          2
 Passwall                 Tmut/Erth      59%        N/A       1%          2
 Poisonous Vapours        Pois/Air       68%        N/A       1%          2
 Static Discharge         Conj/Air       100%       2-7/arc   1%          2
 Call Canine Familiar     Summ           55%        N/A       1%          3
 Gell's Gravitas          Tloc           50%        N/A       1%          3
 Mephitic Cloud           Conj/Pois/Air  56%        N/A       1%          3
 Stone Arrow              Conj/Erth      100%       3d13      1%          3
 Summon Guardian Golem    Hex/Summ       53%        N/A       1%          3
 Swiftness                Air            50%        N/A       1%          3
 Teleport Other           Tloc           50%        N/A       1%          3
 Tukima's Dance           Hex            50%        N/A       1%          3
 Vhi's Electric Charge    Tloc/Air       100%       N/A       1%          3
 Animate Dead             Necr           69%        N/A       1%          4
 Flame Wave               Conj/Fire      59%        2d14      1%          4
 Iskenderun's Mystic Bla  Conj/Tloc      69%        2d14      1%          4
 Sticky Flame             Conj/Fire      59%        2d7       1%          4
 Arcjolt                  Conj/Air       34%        1d44      1%          5
 Borgnjor's Vile Clutch   Necr/Erth      35%        N/A       1%          5
 Ignite Poison            Fire/Tmut/Pois 40%        N/A       2%          3
 Inner Flame              Hex/Fire       34%        N/A       4%          3
 Airstrike                Air            25%        2d(4-20)  4%          4
 Manifold Assault         Tloc           50%        N/A       4%          4
 Passage of Golubria      Tloc           50%        N/A       4%          4
 Yara's Violent Unravell  Hex/Tmut       30%        3d13      4%          5
 Scorch                   Fire           36%        2d6       5%          2
 Fireball                 Conj/Fire      29%        3d13      6%          5
 Simulacrum               Ice/Necr       36%        N/A       7%          6
 Summon Forest            Summ/Tloc      26%        N/A       11%         5
 Summon Mana Viper        Hex/Summ       53%        N/A       11%         5
 Death Channel            Necr           34%        N/A       12%         6
 Alistair's Intoxication  Tmut/Pois      33%        N/A       13%         5
 Silence                  Hex/Air        25%        N/A       13%         5
 Starburst                Conj/Fire      29%        6d9       32%         6
 Summon Cactus Giant      Summ           27%        N/A       43%         6
 Dispersal                Tloc           25%        N/A       58%         6
 Plasma Beam              Fire/Air       17%        2x1d31    90%         6
 Summon Hydra             Summ           27%        N/A       95%         7
 Disjunction              Tloc           25%        N/A       100%        8
 Maxwell's Capacitive Co  Air            25%        ∞         100%        8
 Shatter                  Erth           35%        3d28*     100%        9


Dungeon Overview and Level Annotations

Branches:
Dungeon (15/15)            Temple (0/1) D:6            Lair (5/5) D:10
 Shoals (4/4) Lair:3        Snake (4/4) Lair:2        Slime (0/5) Lair:5
    Orc (2/2) D:10            Elf (3/3) Orc:2        Vaults (4/5) D:14
 Depths (0/4) D:15
  Crypt: Vaults:2-3

Shops:
D:4 =*?!!   D:6 *   D:9 [   Orc:1 ?   Orc:2 ::([   Elf:3 =   Shoals:2 :
Shoals:4 !   Snake:2 ?   Snake:4 [(   Vaults:1 *

Portals:
Abyss: Shoals:1

Annotations:
Shoals:1 1 runed translucent door
Shoals:2 exclusion: upstairs
Snake:3 2 transporters, exclusion: orange crystal statue
Elf:2 5 runed translucent doors
Vaults:3 1 transporter
Vaults:4 Zenata


Innate Abilities, Weirdness & Mutations

You have an increased reservoir of magic. (+10% MP)
You shall have no god before yourself.
Your divine heritage dramatically boosts your attributes as you level up.
You have supernaturally acute eyesight. (SInv)
Your flesh is cold resistant. (rC+)
You are weak. (Str -2)


Message History

You feel strangely unstable.
Your +8 quarterstaff of Evil {spect, Str+3} disappears.
The +3 trident hits you from afar.
* * * LOW HITPOINT WARNING * * *
The +0 glaive of protection misses you.
The +1 halberd of protection misses you.
The +3 trident hits you but does no damage.
The +0 glaive of protection hits you!
* * * LOW HITPOINT WARNING * * *
The +1 halberd of protection hits you!
* * * LOW HITPOINT WARNING * * *
The +3 trident hits you but does no damage.
You feel much better.
The +3 trident hits you but does no damage.
The +1 halberd of protection hits you!
* * * LOW HITPOINT WARNING * * *
The +0 glaive of protection misses you. The +3 trident hits you from afar!
* * * LOW HITPOINT WARNING * * *
Zenata struggles against the net.
The +1 halberd of protection completely misses you.
The +0 glaive of protection hits you!
* * * LOW HITPOINT WARNING * * *
You feel much better.
Your surroundings suddenly seem different.
Okay, then.
Unknown command.
There is an open door here.
You see here a +2 quarterstaff of distortion.
Zenata shouts!
Zenata casts a spell at you.
A blast of power from the earth strikes you!
* * * LOW HITPOINT WARNING * * *
The +0 glaive of protection completely misses you.
There is an escape hatch in the ceiling here.
Things that are here:
a +0 flail; a +2 leather armour of cold resistance The +0 glaive of protection hits you from afar.
* * * LOW HITPOINT WARNING * * *
The +0 glaive of protection hits you from afar!
You die...

#...........########
#...........#
#...........#
#...........#
#...........#
#...........#
###########'####
############..).)..#
########
#..........#(.@....#
#......#
#..........[)......#
#......#
#.........a#.......#
#......#
#..........#..^....#
#......#
#..........#.......#
#......#
#..........#########
#......#
#..........#
#.)....#
########(###
####)#'#### #.....a#
#...)..# #


You could see Zenata and a +0 glaive of protection (summoned, fast).

Vanquished Creatures
  Boris (Vaults:4)
  Bai Suzhen (Vaults:4)
  A lich (Abyss:2)
  A deep elf master archer (Elf:3)
  A deep elf blademaster (Elf:3)
  2 titans (Vaults:3)
  A tentacled starspawn (Abyss:3)
  A kraken (Shoals:3)
  3 sphinxes
  A shadow dragon (Vaults:4)
  Ilsuiw (Shoals:3)
  3 nagarajas
  A fire giant (Vaults:3)
  3 frost giants
  5 deep elf sorcerers
  Aizul (Snake:1)
  7 vault wardens
  7 deep elf elementalists
  2 orc warlords
  12 ironbound preservers
  7 very ugly things (Vaults:2)
  A war gargoyle (Vaults:4)
  8 deep elf demonologists
  An ironbound thunderhulk (Vaults:3)
  7 deep elf annihilators (Elf:3)
  7 dire elephants
  2 merfolk javelineers (Shoals:4)
  An eidolon (Abyss:3)
  2 crystal guardians
  A quicksilver dragon zombie (Vaults:4)
  6 deep elf death magi
  7 merfolk impalers
  An ettin (D:15)
  10 yaktaur captains
  8 vault guards (D:14)
  The ghost of zkyp the Cleaver, a journeyman GrCK of Xom (Lair:1)
  A rakshasa (D:14)
  7 great orbs of eyes
  5 deep elf high priests
  3 salamander tyrants (Snake:4)
  3 peacekeepers
  4 hydras
  15 ironbound frosthearts
  4 merfolk avatars
  3 ogre magi
  13 anacondas
  Erica (D:11)
  4 merfolk aquamancers
  11 centaur warriors
  2 catoblepae
  15 dancing weapons
  10 two-headed ogres
  7 boulder beetles
  An alligator snapping turtle (Shoals:4)
  2 deep troll earth magi (Vaults:3)
  5 orc high priests
  2 tengu warriors (D:15)
  12 death yaks
  4 thrashing horrors
  15 naga sharpshooters
  11 naga warriors
  9 shock serpents
  13 deep elf knights
  Nergalle (Orc:1)
  13 skeletal warriors
  5 skysharks
  32 deep trolls
  7 salamander mystics
  5 sea snakes (Shoals:4)
  3 glowing orange brains
  6 naga ritualists
  13 lindwurms
  15 deep elf archers
  2 necromancers
  4 ironbound convokers
  3 orc knights (Vaults:4)
  Pikel (D:7)
  9 harpies
  22 deep elf zephyrmancers
  12 mana vipers
  9 wizards
  22 deep elf pyromancers
  A wolf spider (Lair:5)
  13 manticores
  18 salamanders
  5 cyclopes
  19 fauns
  29 ugly things
  2 orc sorcerers
  An oklob plant (Lair:4)
  11 merfolk sirens
  A stone giant zombie (Vaults:4)
  2 fire giant skeletons
  An apocalypse crab (Shoals:1)
  19 elephants
  9 guardian serpents
  12 naga magi
  A stone giant skeleton (Vaults:3)
  29 black mambas
  3 water nymphs
  16 vault sentinels
  2 gargoyles
  A smoke demon (Abyss:2)
  2 torpor snails
  8 cane toads
  Maggie (D:7)
  3 rime drakes
  An elf skeleton (Vaults:3)
  2 unseen horrors
  A kobold demonologist (D:9)
  A komodo dragon (shapeshifter) (Elf:3)
  A freezing wraith (Abyss:3)
  3 komodo dragons
  2 efreet (D:14)
  An ancient zyme (Abyss:2)
  12 yaktaurs
  3 trolls
  18 merfolk
  2 wind drakes
  A tarantella (shapeshifter) (Elf:3)
  10 polar bears
  A hornet (D:13)
  17 blink frogs
  9 snapping turtles
  12 dream sheep
  Grinder (D:3)
  A raiju (Lair:5)
  An ettin zombie (Vaults:4)
  29 slime creatures
  A spriggan (D:7)
  A spriggan (shapeshifter) (D:14)
  2 air elementals (Elf:3)
  14 water elementals
  4 wraiths
  2 vampires
  5 wyverns
  3 hogs (Snake:4)
  6 shadows
  A ynoxinul (Abyss:3)
  46 yaks
  5 basilisks
  4 fire bats (Lair:4)
  2 steam dragons
  The ghost of eyesofgods1 the Firebug, an amateur DsFE (D:4)
  8 vampire mosquitoes
  27 nagas
  8 wargs
  3 acid dragons
  18 water moccasins
  16 hell hounds (Lair:5)
  A black bear (shapeshifter) (D:15)
  14 black bears
  19 orc warriors
  2 small abominations (Abyss:2)
  12 ogres
  37 wolves
  17 centaurs
  3 large abominations
  3 lemures (D:6)
  10 bullfrogs
  2 kobold brigands
  5 gnoll sergeants
  2 scorpions
  4 earth elementals
  5 wights
  A troll zombie (D:10)
  10 killer bees
  3 howler monkeys
  5 jellies
  31 orc priests
  A gnoll bouda (D:4)
  2 hounds (D:4)
  An iron imp (Abyss:3)
  30 orc wizards
  2 sleepcaps
  6 iguanas
  A hell rat (Lair:5)
  7 ogre zombies (D:10)
  Robin (D:2)
  36 gnolls
  12 adders
  A shadow imp (D:3)
  A white imp (D:7)
  3 ufetubi
  3 worms
  4 dart slugs
  68 orcs
  9 ball pythons
  13 endoplasms
  2 giant cockroaches (D:1)
  21 goblins
  11 hobgoblins
  6 jackals
  2 quokkas
  6 bats
  2 frilled lizards
  A goblin skeleton (D:10)
  2 goblin zombies (D:10)
  2 hobgoblin skeletons (D:10)
  3 hobgoblin zombies (D:10)
  15 kobolds
  3 orc skeletons (D:10)
  14 orc zombies (D:10)
  3 rats (D:3)
  2 butterflies
  4 spectral weapons
  2 starspawn tentacles (Abyss:3)
  2 tentacles (Shoals:3)
1496 creatures vanquished.

Vanquished Creatures (collateral kills)
  Kirke (Snake:4)
  A vault warden (Vaults:1)
  A nagaraja (Snake:4)
  A war gargoyle (Vaults:1)
  2 very ugly things (Vaults:2)
  2 merfolk javelineers
  A deep elf high priest (Elf:3)
  A great orb of eyes (Vaults:1)
  A salamander tyrant (Snake:4)
  An ironbound frostheart (Vaults:2)
  A merfolk aquamancer (Shoals:2)
  A satyr (Shoals:3)
  2 dancing weapons (Elf:2)
  A naga sharpshooter (Snake:4)
  2 naga warriors (Snake:4)
  2 deep elf knights (Elf:1)
  A salamander mystic (Snake:4)
  2 deep trolls (Vaults:1)
  3 deep elf archers
  A wizard (Vaults:4)
  An orc knight (Vaults:4)
  2 deep elf pyromancers (Elf:1)
  A mana viper (Snake:4)
  8 deep elf zephyrmancers
  An ugly thing (Vaults:4)
  A salamander (Snake:4)
  2 manticores
  2 fauns (Shoals:1)
  A cyclops (Shoals:3)
  2 slime creatures (Vaults:1)
  A black mamba (Snake:4)
  A naga mage (Snake:4)
  A vault sentinel (Vaults:1)
  A merfolk siren (Shoals:3)
  A yaktaur (Vaults:4)
  3 merfolk
  3 dream sheep (Shoals:3)
  2 wind drakes
  2 snapping turtles
  A water elemental (Shoals:3)
  3 hogs (Snake:4)
  3 nagas (Snake:4)
71 creatures vanquished.

Vanquished Creatures (others)
  A dancing weapon (Elf:2)
  A deep elf knight (Elf:1)
  A harpy (Shoals:1)
  A deep elf zephyrmancer (Elf:2)
  A deep elf pyromancer (Elf:1)
  A blink frog (shapeshifter) (Elf:2)
  A human (Snake:4)
  A bush (Lair:3)
  21 fungi
  87 plants
  34 spectral weapons
  A starspawn tentacle (Abyss:3)
  2 tentacles (Shoals:3)
153 creatures vanquished.

Grand Total: 1720 creatures vanquished

Notes
Turn   | Place    | Note
-------+----------+-------------------------------------------
     0 | D:1      | Armakuni the Demigod Reaver began the quest for the Orb.
     0 | D:1      | Reached XP level 1. HP: 17/17 MP: 5/5
    55 | D:1      | Reached skill level 2 in Fighting
    85 | D:1      | Found Zabor's Armour Boutique.
   161 | D:1      | Reached XP level 2. HP: 22/22 MP: 7/7
   394 | D:1      | Reached skill level 1 in Staves
   666 | D:2      | Reached XP level 3. HP: 25/28 MP: 8/8
   671 | D:2      | Learned a level 3 spell: Hailstorm
   792 | D:2      | Noticed Robin
   805 | D:2      | Killed Robin
  1101 | D:2      | Reached XP level 4. HP: 34/34 MP: 9/9
  2334 | D:3      | Reached XP level 5. HP: 41/41 MP: 10/10
  2771 | D:4      | Found Dockuc's Distillery.
  2830 | D:4      | Found Nen Caipt's Magic Scroll Emporium.
  3072 | D:4      | Found Epauvikk's Distillery.
  3097 | D:3      | Gained mutation: You have supernaturally acute eyesight.
                  | (SInv) [potion of mutation]
  3097 | D:3      | Gained mutation: You are weak. (Str -2) [potion of
                  | mutation]
  3097 | D:3      | Gained mutation: Your flesh is cold resistant. (rC+)
                  | [potion of mutation]
  3106 | D:3      | Reached skill level 5 in Staves
  3289 | D:4      | Noticed Grinder
  3297 | D:4      | Paralysed by Grinder for 3 turns
  3317 | D:3      | Killed Grinder
  3318 | D:3      | Reached XP level 6. HP: 32/48 MP: 11/11
  3433 | D:4      | Found Sihidaca's Jewellery Shop.
  3528 | D:4      | Found Piak's Assorted Antiques.
  3638 | D:4      | Found a transporter.
  3638 | D:4      | Found a transporter.
  3647 | D:4      | Identified the +3 scale mail "Ciwnicicw" {Dex+4}
  3647 | D:4      | Identified the +3 buckler of Makhleb's Vengeance {rF+ Will-
                  | Str+3}
  4105 | D:5      | Entered Level 5 of the Dungeon
  4176 | D:5      | Reached XP level 7. HP: 55/55 MP: 12/12
  5233 | D:6      | Found a staircase to the Ecumenical Temple.
  5384 | D:5      | Reached XP level 8. HP: 61/61 MP: 13/13
  5550 | D:6      | Reached skill level 3 in Fighting
  5739 | D:6      | Reached skill level 4 in Fighting
  5774 | D:6      | Reached skill level 5 in Fighting
  5845 | D:6      | Found Jabej's Serpentskin Sales.
  5954 | D:7      | Noticed Pikel
  6037 | D:7      | Killed Pikel
  6038 | D:7      | Reached skill level 6 in Fighting
  6038 | D:7      | Reached XP level 9. HP: 47/75 MP: 14/14
  6489 | D:7      | Identified the +1 shortbow of the Lusting Hawk {elec, MP+9
                  | Stlth+}
  6621 | D:7      | Reached skill level 1 in Evocations
  6632 | D:7      | Noticed Maggie
  6641 | D:7      | Killed Maggie
  7500 | D:8      | Reached skill level 5 in Evocations
  8444 | D:8      | Reached skill level 5 in Conjurations
  8826 | D:9      | Reached XP level 10. HP: 64/83 MP: 3/15
  9184 | D:9      | Reached skill level 5 in Ice Magic
 10116 | D:9      | Found Turambar's Dragon-Slaying Spoils.
 10503 | D:10     | Entered Level 10 of the Dungeon
 11214 | D:10     | Found a staircase to the Lair.
 11410 | D:10     | Found a staircase to the Orcish Mines.
 11488 | Orc:1    | Entered Level 1 of the Orcish Mines
 11638 | D:10     | Learned a level 3 spell: Stone Arrow
 11762 | Orc:1    | Noticed Nergalle
 11777 | Orc:1    | Killed Nergalle
 11974 | Orc:2    | Entered Level 2 of the Orcish Mines
 11986 | Orc:2    | Reached XP level 11. HP: 85/89 MP: 10/17
 12100 | Orc:2    | Noticed a boulder beetle
 12114 | Orc:2    | Killed a boulder beetle
 12281 | Orc:1    | Found Kitz's Magic Scroll Emporium.
 12323 | Orc:2    | Found a staircase to the Elven Halls.
 13018 | Orc:2    | Noticed an orc high priest
 13020 | Orc:2    | Noticed a soul eater
 13024 | Orc:2    | Noticed an orc high priest
 13025 | Orc:2    | Killed an orc high priest
 13026 | Orc:2    | Reached skill level 10 in Conjurations
 13028 | Orc:2    | Killed an orc high priest
 13521 | Orc:2    | Noticed an orc high priest
 13529 | Orc:2    | Noticed a soul eater
 13613 | Orc:2    | Killed an orc high priest
 13700 | Orc:2    | Noticed an orc high priest
 13721 | Orc:2    | Noticed a soul eater
 13721 | Orc:2    | Killed an orc high priest
 14026 | Orc:2    | Found Jarecut's Antique Armour Boutique.
 14027 | Orc:2    | Found Fubykuabibb's Antique Weapon Boutique.
 14028 | Orc:2    | Found Reatze's Book Shop.
 14032 | Orc:2    | Found Wuxziuro's Book Shop.
 14881 | Orc:2    | Bought a translucent quarterstaff for 225 gold pieces
 14881 | Orc:2    | Identified the +8 quarterstaff of Evil {spect, Str+3} (You
                  | bought it in a shop on level 2 of the Orcish Mines)
 15103 | D:9      | Bought quicksilver dragon scales for 900 gold pieces
 15163 | Lair:1   | Entered Level 1 of the Lair of Beasts
 15233 | Lair:1   | Reached skill level 10 in Ice Magic
 15249 | Lair:1   | Found a runed translucent gate.
 15249 | Lair:1   | Found a runed translucent gate.
 15516 | Lair:1   | Noticed a catoblepas
 15526 | Lair:1   | Killed a catoblepas
 15527 | Lair:1   | Reached skill level 5 in Spellcasting
 15527 | Lair:1   | Reached XP level 12. HP: 64/96 MP: 21/23
 15679 | Lair:1   | Reached skill level 1 in Earth Magic
 15790 | Lair:1   | Found a runed translucent gate.
 15790 | Lair:1   | Noticed zkyp's ghost (journeyman GrCK)
 15995 | Lair:1   | Learned a level 5 spell: Freezing Cloud
 16187 | Lair:1   | Reached skill level 1 in Air Magic
 16644 | Lair:2   | Noticed a seven-headed hydra
 16650 | Lair:2   | Killed a seven-headed hydra
 16720 | Lair:2   | Found a staircase to the Snake Pit.
 16932 | Lair:2   | Reached skill level 5 in Air Magic
 17613 | Lair:3   | Reached skill level 10 in Staves
 18256 | Lair:3   | Noticed a seven-headed hydra
 18262 | Lair:3   | Killed a seven-headed hydra
 18432 | Lair:3   | Reached XP level 13. HP: 68/102 MP: 19/25
 18568 | Lair:3   | Found a staircase to the Shoals.
 20004 | Lair:5   | Entered Level 5 of the Lair of Beasts
 20455 | Lair:5   | Reached skill level 1 in Armour
 20623 | Lair:5   | Learned a level 1 spell: Apportation
 21443 | Lair:5   | Found the +3 crown of Dyrovepreva {rElec Int+2 SInv}
 21622 | Lair:5   | Reached XP level 14. HP: 102/110 MP: 21/27
 21767 | Lair:5   | Found a staircase to the Slime Pits.
 21975 | Lair:5   | Reached skill level 5 in Dodging
 22131 | Lair:5   | Reached skill level 5 in Armour
 22375 | Lair:5   | Identified the +10 mace of Proximity {elec, rF- Str+5}
 22662 | D:4      | Bought the ring of the Tick {rC+ EV+5 Str+2 Dex+4} for 626
                  | gold pieces
 22709 | D:4      | Noticed eyesofgods1's ghost (amateur DsFE)
 22722 | D:4      | Killed eyesofgods1's ghost
 22819 | D:4      | Bought a scroll labelled ZODIAS CEOC for 25 gold pieces
 23117 | Lair:1   | Killed zkyp's ghost
 23550 | Orc:1    | Bought a scroll of blinking for 105 gold pieces
 23550 | Orc:1    | Bought a scroll of magic mapping for 105 gold pieces
 23550 | Orc:1    | Bought a scroll of magic mapping for 105 gold pieces
 23550 | Orc:1    | Bought a scroll of amnesia for 56 gold pieces
 23898 | D:11     | Identified the +6 sling of Qaeg {drain, +Blink rElec rF-
                  | Int+4}
 23974 | D:11     | Reached skill level 7 in Fighting
 24212 | D:11     | Noticed Erica
 24216 | D:11     | Killed Erica
 24970 | D:12     | Reached skill level 8 in Fighting
 26340 | D:13     | Reached skill level 9 in Fighting
 26586 | D:13     | Noticed Sonja
 26589 | D:13     | Sonja changed into Sonja the hornet
 26589 | D:13     | Noticed Sonja
 26591 | D:13     | Killed Sonja the hornet
 26729 | D:13     | Learned a level 2 spell: Wereblood
 27306 | D:14     | Reached skill level 10 in Fighting
 27785 | D:14     | Reached XP level 15. HP: 73/128 MP: 33/33
 27974 | D:14     | Reached skill level 11 in Fighting
 27974 | D:14     | Reached skill level 10 in Spellcasting
 28270 | D:14     | Reached skill level 12 in Fighting
 28414 | D:14     | Found a gate to the Vaults.
 28565 | D:15     | Entered Level 15 of the Dungeon
 28918 | D:15     | Reached skill level 13 in Fighting
 29133 | D:15     | Found a staircase to the Depths.
 29437 | D:15     | Reached skill level 14 in Fighting
 29851 | D:15     | Reached skill level 1 in Transmutations
 30619 | Snake:1  | Entered Level 1 of the Snake Pit
 30880 | Snake:1  | Reached skill level 5 in Transmutations
 31267 | Snake:1  | Noticed Aizul
 31448 | Lair:2   | HP: 2/139 [poisoned by Aizul (poison arrow)]
 31759 | Snake:1  | Killed Aizul
 32335 | Snake:2  | Learned a level 4 spell: Summon Lightning Spire
 32538 | Orc:2    | Bought a book of Winter for 340 gold pieces
 32544 | Orc:2    | Learned a level 5 spell: Metabolic Englaciation
 32891 | Snake:2  | Reached skill level 1 in Hexes
 33114 | Snake:2  | Found Daurchufiebb's Magic Scroll Boutique.
 33534 | Snake:2  | Reached skill level 5 in Hexes
 33652 | Snake:2  | Reached XP level 16. HP: 85/147 MP: 7/35
 33833 | Snake:2  | Identified the staff of air "Muytoew" {rElec Str+3 Dex+4}
 33898 | Snake:2  | Identified a scroll of acquirement
 35028 | Snake:3  | Identified the +3 whip of Miph {venom, rPois rF+ Int+3}
 35255 | Snake:3  | Identified the +9 falchion of Building Peril {antimagic,
                  | rF+}
 35638 | Snake:3  | Found a transporter.
 35650 | Snake:3  | Found a transporter.
 36623 | Snake:4  | Entered Level 4 of the Snake Pit
 36624 | Snake:4  | Acquired an amulet of reflection
 36687 | Snake:4  | Noticed Kirke
 36697 | Snake:4  | Killed Kirke
 36792 | Snake:4  | Found Aharaal's Weapon Shop.
 36817 | Snake:4  | Found a runed translucent door.
 36840 | Snake:4  | Found Vuwaqydd's Armour Boutique.
 36847 | Snake:4  | Bought a +2 pair of gloves for 280 gold pieces
 37570 | Snake:4  | Reached skill level 1 in Summonings
 37654 | Snake:4  | Identified the staff of fire "Maerech" {rF+ rCorr}
 38480 | Snake:4  | Reached skill level 5 in Summonings
 38990 | Snake:4  | Reached XP level 17. HP: 125/154 MP: 21/36
 39087 | Snake:4  | Got a serpentine rune of Zot
 40172 | Shoals:1 | Entered Level 1 of the Shoals
 40517 | Shoals:1 | Found a runed translucent door.
 40528 | Shoals:1 | Found a one-way gate to the infinite horrors of the Abyss.
 41002 | Shoals:2 | Found Neiwu's Self-Improvement Boutique.
 41246 | Shoals:2 | Identified the +0 helmet of Imucs {rF+}
 41435 | Shoals:2 | Reached skill level 10 in Armour
 41675 | Shoals:4 | Entered Level 4 of the Shoals
 42288 | Shoals:3 | Noticed Ilsuiw
 42323 | Shoals:3 | Killed Ilsuiw
 43001 | Shoals:4 | Identified the +2 broad axe of Mana {elec, Int+5}
 43363 | Shoals:4 | Got a barnacled rune of Zot
 43555 | Shoals:4 | Identified the +6 great sword of Recklessness {freeze,
                  | Dex+2}
 43675 | Shoals:4 | Found Soucsop's Distillery.
 44438 | Elf:1    | Entered Level 1 of the Elven Halls
 44448 | Elf:1    | Reached XP level 18. HP: 161/161 MP: 18/37
 45639 | Abyss:2  | Cast into level 2 of the Abyss (+4 flail of distortion)
 45742 | Abyss:2  | Reached skill level 10 in Evocations
 45867 | Elf:1    | Escaped the Abyss
 46184 | Elf:1    | Learned a level 3 spell: Ozocubu's Armour
 46190 | Elf:1    | Learned a level 3 spell: Call Canine Familiar
 46206 | Elf:1    | Learned a level 4 spell: Animate Armour
 46614 | Elf:2    | Reached skill level 10 in Transmutations
 47955 | Elf:2    | Found a huge runed translucent gate.
 47955 | Elf:2    | Found a huge runed translucent gate.
 47955 | Elf:2    | Found a huge runed translucent gate.
 47955 | Elf:2    | Found a huge runed translucent gate.
 47955 | Elf:2    | Found a huge runed translucent gate.
 48211 | Elf:3    | Entered Level 3 of the Elven Halls
 48218 | Elf:3    | Found Romuughu's Jewellery Emporium.
 48606 | Elf:3    | Reached skill level 10 in Dodging
 48917 | Elf:3    | Paralysed by an air elemental for 1 turns
 49796 | Elf:3    | Reached XP level 19. HP: 168/168 MP: 22/38
 49939 | Elf:3    | Paralysed by an air elemental for 1 turns
 50053 | Elf:3    | Identified the +4 spear of Doubt {distort, rPois Will+
                  | Dex+3}
 50309 | Elf:3    | Identified the +1 whip "Bukerust" {heavy, Drain rPois rN+
                  | Str+4}
 50322 | Elf:3    | Got Weefumec's Disquisition on Lithic Sparks
 50334 | Elf:3    | Identified the staff of poison "Suarch" {rPois rF+}
 50525 | Elf:3    | Identified the amulet of Noufruep {Acrobat rC++ Will+}
 50879 | Vaults:1 | Entered Level 1 of the Vaults
 51134 | Vaults:1 | Learned a level 2 spell: Lesser Beckoning
 51271 | Vaults:1 | Found Xaacourr's Assorted Antiques.
 51351 | Vaults:1 | Reached skill level 1 in Translocations
 52254 | Vaults:1 | Reached skill level 5 in Translocations
 53727 | Vaults:2 | Reached skill level 5 in Earth Magic
 54996 | Vaults:3 | Learned a level 8 spell: Lehudib's Crystal Spear
 55275 | Vaults:3 | Reached skill level 10 in Earth Magic
 55302 | Vaults:3 | Reached XP level 20. HP: 97/176 MP: 22/40
 55893 | Vaults:3 | Learned a level 2 spell: Sublimation of Blood
 56135 | Vaults:3 | Reached skill level 1 in Necromancy
 56257 | Vaults:3 | Found a transporter.
 56311 | Vaults:3 | Found a transporter.
 56859 | Vaults:3 | HP: 6/176 [titan/the air (16)]
 57461 | Vaults:4 | Noticed Zenata
 57467 | Vaults:4 | Reached skill level 5 in Necromancy
 57763 | Vaults:4 | Noticed Boris
 57777 | Vaults:4 | Killed Boris
 57944 | Vaults:4 | Identified the +9 dagger of the Countless Orbs {freeze,
                  | rF+}
 58159 | Vaults:4 | Noticed Bai Suzhen
 58566 | Vaults:4 | Killed Bai Suzhen
 58759 | Vaults:4 | Got the Almanac of Distance
 59392 | Vaults:4 | HP: 7/173 [+0 glaive of protection[Zenata] (16)]
 59401 | Vaults:4 | Slain by a +0 glaive of protection

Illustrated notes

Levels and vault maps discovered:
D:1:      dpeg_arrival_more_subterranean_lakeside_camping, layout_basic,
          hellmonk_ecumenical_altar_crossroads, serial_shops,
          nicolae_shop_window_shopping
D:2:      layout_loops_ring, hangedman_glass_teeth, kennysheep_generic_room_12,
          uniq_robin
D:3:      minmay_chambers_of_threes, layout_basic, grunt_qazlal_sundering,
          cheibriados_altar_1, kennysheep_generic_room_5
D:4:      layout_cave_pools, serial_shops, nicolae_shop_just_a_little_nook,
          nicolae_shop_tiny_glass, nicolae_shop_rolling_square, shop,
          nicolae_shop_tiny_waterfront, gammafunk_ghost_gnarly_gnolls,
          kennysheep_generic_room_13, uniq_grinder
D:5:      layout_basic, chequers_temple_overflow_statue_of_worship
D:6:      layout_cave_pools, temple_green, guppyfry_shop_venom
D:7:      layout_gridville, nicolae_overflow_hidden_temple, kennysheep_doodads,
          the_hattery, uniq_pikel, uniq_maggie
D:8:      layout_rooms, corexii_checkpoint_b, minmay_fractal_squares_gapless_5
D:9:      layout_stronghold, fedhas_ov_isle_minmay, serial_column_ruins,
          column_ruins_square_large, column_ruins_grid_1, column_ruins_grid_1,
          column_ruins_corridor_straight, column_ruins_open_tiny,
          column_ruins_grid_4, column_ruins_grid_1, column_ruins_open_small,
          nicolae_shop_dragon_depot
D:10:     layout_rooms, erik_lair_orcish_takeover, zombieorc2_lemuel,
          lemuel_flamethrower_hall
D:11:     layout_irregular_city, st_stairs_1, uniq_erica
D:12:     layout_loops_ring, eino_small_chamber_without_monster,
          kennysheep_okawaru_gauntlet
D:13:     layout_basic, evilmike_ruin_ashenzari, uniq_sonja
D:14:     layout_basic, erik_vaults_2
D:15:     hangedman_depths_entry_civil_slaughter, layout_loops_ring,
          chequers_mini_garden, chequers_serial_rivers_room_b
Lair:1:   layout_concentric_octagons, gammafunk_ghost_ooze
Lair:2:   layout_gridlike, guppyfry_snake_entry_island, beast_lair_carwin_5,
          grunt_megastairs_3, lemuel_fruit_fields, lemuel_fruit_fields,
          lemuel_fruit_tree, lemuel_fruit_fields
Lair:3:   layout_regular_city, shoals_dummy_entry, basic_altar
Lair:4:   layout_gridlike, chequers_serial_rivers_room_a
Lair:5:   hangedman_lair_caniforms_friends, layout_layer_cave,
          hangedman_lair_in_review, slime_entry_1
Shoals:1: layout_shoals, nicolae_shoals_abyss_on_the_beach
Shoals:2: layout_shoals, nicolae_shop_self_help
Shoals:3: layout_shoals, uniq_polyphemus, uniq_ilsuiw
Shoals:4: shoals_end_grunt_ice, layout_shoals, serial_shops, shop,
          nicolae_shoals_stone_sculpture_thing
Snake:1:  layout_misc_corridors, grunt_megastairs_1, uniq_aizul
Snake:2:  layout_misc_corridors, serial_shops, nicolae_shop_stone,
          nicolae_snake_snakewalk
Snake:3:  gammafunk_sealed_arena, layout_basic, basic_altar
Snake:4:  snake_pit_salamanders_mu, layout_layer_cave, serial_shops, shop,
          nicolae_snake_biting_tails, minmay_shop_grid_forest, lightli_airlock,
          uniq_kirke
Orc:1:    layout_diamond_mine, serial_shops, shop, uniq_nergalle
Orc:2:    st_orc_mages, layout_caves, rock_pile
Elf:1:    eino_elf_arrival_the_gate, layout_rooms,
          portal_desolation_entry_nicolae_slug, minivault_28,
          lemuel_flamethrower_3
Elf:2:    elven_hall_of_blades_hangedman_alternative [nicolae_blade_bullseye],
          layout_loops_corners, minivault_28, uniq_azrael
Elf:3:    minmay_elf_hall_curves, layout_geoelf_octagon, serial_shops, shop,
          small_chamber_with_monster
Vaults:1: ontoclasm_vaults_ring_large, v_misc_10,
          nicolae_vaults_storage_closets_1, nicolae_vaults_angled_halls,
          kb_rosetta, hangedman_vaults_corner, v_rooms_6,
          dpeg_vaults_monster_box, nicolae_vaults_storage_room_doors,
          vaults_room_stairs_pillars, vaults_dpeg_ring, layout_vaults_omnigrid,
          serial_shops, shop
Vaults:2: nicolae_vaults_network_square, v_misc_1, v_misc_17,
          hangedman_vaults_slice, nicolae_vaults_stairing_the_circle,
          hangedman_vaults_cutoff, nicolae_vaults_mitosis,
          layout_vaults_chaotic_city
Vaults:3: v_pattern_5, nicolae_vaults_network_periphery,
          gammafunk_dig_for_victory, minmay_crypt_entry_skeletal_spiral,
          hangedman_vaults_pinch, grunt_vaults_funnel, ontoclasm_vaults_twist,
          nicolae_vaults_variable_pillar_hall, nicolae_vaults_twisting_passages,
          v_alt_pattern_6, layout_vaults_big_cross, uniq_margery
Vaults:4: nicolae_vaults_whirlpool_walls, vaults_room_corners,
          nicolae_vaults_rhombus_5, nicolae_vaults_door_testing_chamber,
          nicolae_vaults_doubleplus_tesselated, vaults_room_corners,
          ontoclasm_vaults_claustrophobia,
          vaults_standard_mumra_enter_the_diamond, grunt_vaults_bifocal,
          v_misc_26, layout_vaults_maze, uniq_boris, uniq_bai_suzhen,
          uniq_zenata

Skill      XL: |  1  2  3  4  5  6  7  8  9 10 11 12 13 14 15 16 17 18 19 20 |
---------------+-------------------------------------------------------------+-----
Fighting       | 2 6 10 14 | 14.6
Maces & Flails | 3 |  3.1
Staves         | 1 2 4 6 8 11 13 | 13.8
Conjurations   | 3 5 8 10 12 13 | 13.9
Ice Magic      | 2 4 7 10 12 | 12.0
Evocations     | 5 7 10 | 10.0
Spellcasting   | 5 6 9 10 | 10.9
Earth Magic    | 3 10 | 10.0
Air Magic      | 5 |  5.0
Dodging        | 4 5 7 10 | 10.0
Armour         | 4 5 8 10 | 10.0
Transmutations | 5 8 10 | 10.0
Hexes          | 5 |  5.0
Summonings     | 5 6 |  6.0
Translocations | 5 |  5.0
Necromancy     | 9 |  9.4

Action                     |  1- 3 |  4- 6 |  7- 9 | 10-12 | 13-15 | 16-18 | 19-21 || total
---------------------------+-------+-------+-------+-------+-------+-------+-------++-------
  Melee: Mace              |    32 |       |       |       |       |       |       ||    32
         Quarterstaff      |    80 |   244 |   356 |   740 |   676 |   888 |   850 ||  3834
         Whip              |       |       |       |       |       |     3 |       ||     3
   Fire: Shortbow          |       |       |    23 |       |       |       |       ||    23
  Throw: Dart              |       |       |    29 |    16 |     9 |       |       ||    54
         Throwing net      |       |       |     1 |     3 |       |       |     9 ||    13
   Cast: Kiss of Death     |     3 |       |       |       |       |       |       ||     3
         Hailstorm         |       |       |    21 |    56 |    58 |    31 |       ||   166
         Stone Arrow       |       |       |       |    44 |       |       |     5 ||    49
         Freezing Cloud    |       |       |       |    13 |   106 |   122 |    46 ||   287
         Metabolic Englaci |       |       |       |       |     5 |    74 |    10 ||    89
         Summon Lightning  |       |       |       |       |       |    81 |    25 ||   106
         Apportation       |       |       |       |       |       |    26 |       ||    26
         Wereblood         |       |       |       |       |       |     4 |    19 ||    23
         Animate Armour    |       |       |       |       |       |     7 |     6 ||    13
         Call Canine Famil |       |       |       |       |       |     3 |       ||     3
         Ozocubu's Armour  |       |       |       |       |       |     1 |     1 ||     2
         Lesser Beckoning  |       |       |       |       |       |       |    15 ||    15
  Evoke: Wand              |       |       |     5 |    10 |    16 |    21 |     7 ||    59
         Condenser vane    |       |       |       |     3 |     3 |     2 |     2 ||    10
         Lightning rod     |       |       |       |       |     4 |    12 |     8 ||    24
         Phantom mirror    |       |       |       |       |       |     1 |     1 ||     2
    Use: Scroll            |     1 |     8 |     7 |    12 |     8 |    16 |    13 ||    65
         Potion            |       |     2 |     4 |     2 |     4 |     4 |     5 ||    21
   Stab: Sleeping          |       |       |     1 |       |       |       |       ||     1
         Held in net/web   |       |       |       |     2 |       |       |     5 ||     7
         Distracted        |       |       |       |     6 |     9 |    29 |    26 ||    70
         Invisible         |       |       |       |    10 |       |     2 |       ||    12
         Confused          |       |       |       |       |     1 |       |       ||     1
         Paralysed         |       |       |       |       |     3 |       |     4 ||     7
 Armour: Leather armour    |    14 |    49 |   117 |    73 |       |       |       ||   253
         Ring mail         |     1 |    11 |       |       |       |       |       ||    12
         Skin              |       |       |    17 |       |       |       |       ||    17
         Troll leather arm |       |       |       |    47 |       |       |       ||    47
         Quicksilver drago |       |       |       |   112 |   231 |   296 |   225 ||   864
  Dodge: Dodged            |    61 |   105 |   184 |   286 |   340 |   563 |   494 ||  2033
  Block: Other             |       |       |       |       |       |   115 |     5 ||   120
         Reflection        |       |       |       |       |       |    30 |       ||    30
